 Dungeon Sprint DCSS version 0.28-a0-957-g42eb19b844 (webtiles) character file.

Game seed: 17806666392316971690

32026 mhtbhm the Bludgeoner (level 13, -3/100 HPs)
             Began as a Gargoyle Fighter on Dec 1, 2021.
             Was an Initiate of Gozag.
             Splashed by a goliath frog's acid (11 damage)
             ... in the Dungeon (Sprint IX: "|||||||||||||||||||||||||||||").
             The game lasted 00:09:17 (4694 turns).

mhtbhm the Bludgeoner (Gargoyle Fighter)            Turns: 4694, Time: 00:09:17

Health: -3/100     AC: 37    Str: 26    XL:     13   Next: 61%
Magic:  13/13      EV:  9    Int:  8    God:    Gozag
Gold:   6209       SH:  7    Dex:  9    Spells: 12/12 levels left

rFire   + . .      SeeInvis .   a - +2 morningstar (protect)
rCold   . . .      Faith    .   c - +0 buckler
rNeg    + . .      Spirit   .   b - +3 plate armour {rF+}
rPois   ∞          Reflect  .   u - +0 helmet
rElec   +          Harm     .   l - +2 cloak {Will+}
rCorr   .          Rampage  .   k - +0 pair of gloves
Will    ++...      NoTele   +   B - +1 pair of boots
Stlth   ..........              (no amulet)
HPRegen 0.26/turn               y - ring of willpower
MPRegen 0.13/turn               n - +2 ring of protection

@: corroded, gold aura, under a protective aura
A: sickness immunity, AC +9, negative energy resistance 1, electricity
resistance, torment resistance 1, petrification resistance
a: Renounce Religion, Potion Petition, Call Merchant, Bribe Branch


You were in the Dungeon.
You worshipped Gozag.
Gozag was greatly pleased with you.
You visited 1 branch You collected 11608 gold pieces.
You spent 942 gold pieces at shops.
You paid 4457 gold pieces to Gozag.

Inventory:

Hand Weapons
 a - a +2 morningstar of protection (weapon)
Missiles
 e - 5 poisoned darts (quivered)
Armour
 b - a +3 plate armour of fire resistance (worn)
 c - a +0 buckler (worn)
 i - the +0 pair of boots "Sacedani" {Rampage *Slow rPois rCorr}
   (You bought it in a shop in the Dungeon)

   rPois:     It protects you from poison.
   rCorr:     It protects you from acid and corrosion.
   *Slow:     It may slow you when you take damage.
   Rampage:   It bestows one free step when moving towards enemies.
 k - a +0 pair of gloves (worn)
 l - a +2 cloak of willpower (worn)
 u - a +0 helmet (worn)
 B - a +1 pair of boots (worn)
Jewellery
 n - a +2 ring of protection (right hand)
 x - a ring of fire
 y - a ring of willpower (left hand)
Wands
 j - a wand of iceblast (4)
Scrolls
 g - 2 scrolls of amnesia
 q - 2 scrolls of identify
 r - 10 scrolls of enchant weapon
 s - 3 scrolls of enchant armour
 t - 3 scrolls of fear
 v - 2 scrolls of immolation
Potions
 d - a potion of attraction {unknown}
 f - 4 potions of curing
 h - 4 potions of magic
 o - a potion of resistance
 p - a potion of mutation
 w - a potion of lignification


   Skills:
 + Level 19.5 Fighting
 + Level 20.9 Maces & Flails
 + Level 17.1 Armour
 + Level 3.6 Dodging
 + Level 10.8 Stealth
 + Level 16.3 Shields
 + Level 2.7 Evocations


You had 12 spell levels left.
You didn't know any spells.
Your spell library was empty.

Dungeon Overview and Level Annotations

Branches:
Dungeon (1/1)

Altars:
Cheibriados
Dithmenos
Elyvilon
Fedhas
Gozag
Hepliaklqana
Kikubaaqudgha
Makhleb
Nemelex Xobeh
Okawaru
Qazlal
Ru
Sif Muna
Trog
Uskayaw
Vehumet
Wu Jian
Xom
Yredelemnul
Zin
The Shining One
Beogh
Jiyva
Lugonu

Shops:
D (?(:[


Innate Abilities, Weirdness & Mutations

You are immune to sickness and miasma.
Your stone body is resilient. (AC +9)
You are immune to poison.
You resist negative energy. (rN+)
You are resistant to electric shocks. (rElec)
You are resistant to unholy torment.
You are immune to petrification.


Message History

The swamp dragon tramples you but does no damage.
The goliath frog hits you from afar.
You are splashed with acid!
You thump the swamp dragon!
The swamp dragon is moderately wounded.
The swamp dragon bites you.
The swamp dragon claws you but does no damage.
The swamp dragon barely misses you. You block the goliath frog's attack.
You hit the swamp dragon but do no damage.
The swamp dragon is moderately wounded.
You bludgeon the swamp dragon!!
The swamp dragon is heavily wounded.
The goliath frog hits you but does no damage.
You block the swamp dragon's attack.
The swamp dragon claws you but does no damage.
You block the swamp dragon's attack.
You hit the swamp dragon.
The swamp dragon is heavily wounded.
The goliath frog hits you but does no damage.
The swamp dragon bites you but does no damage.
The swamp dragon claws you but does no damage.
The swamp dragon tramples you.
You stumble backwards!
You impale the swamp dragon!!
The swamp dragon is almost dead.
You hit the swamp dragon but do no damage.
The swamp dragon is almost dead.
You block the swamp dragon's attack. The swamp dragon claws you.
The swamp dragon closely misses you. The goliath frog hits you from afar!
The acid corrodes you!
You are splashed with acid!
* * * LOW HITPOINT WARNING * * *
You puncture the swamp dragon!
You kill the swamp dragon!
The goliath frog hits you from afar.
* * * LOW HITPOINT WARNING * * *
The acid corrodes you!
You are splashed with acid!
* * * LOW HITPOINT WARNING * * *
The goliath frog hits you!
* * * LOW HITPOINT WARNING * * *
The acid corrodes you!
You are splashed with acid!
You die...
Your body crumbles into a pile of gold.

▓....................
▓▓▓▓▓▓▓▓▓▓▓▓▓▓▓▓▓▓▓▓▓
▓.........'...))∩)∩.∩
▓.▓▓▓▓▓▓▓▓▓▓▓▓▓▓▓▓▓▓▓
▓....................
▓▓▓▓▓▓▓▓▓▓▓▓▓▓▓▓▓▓▓▓▓
▓.........'.......)(.
▓.▓▓▓▓▓▓▓▓▓▓▓▓▓▓▓▓▓▓▓
▓...@F...............
▓▓▓▓▓▓▓▓▓▓▓▓▓▓▓▓▓▓▓▓▓


You could see a goliath frog.

Vanquished Creatures
  Frances (D)
  A frost giant (D)
  A very ugly thing (D)
  A stone giant (D)
  Nessos (D)
  2 dire elephants (D)
  Snorg (D)
  An ettin (D)
  A merfolk impaler (D)
  Josephine (D)
  An ice dragon (D)
  A great orb of eyes (D)
  2 hydras (D)
  A boulder beetle (D)
  Erica (D)
  A satyr (D)
  A merfolk aquamancer (D)
  4 orc high priests (D)
  An alligator (D)
  A deep troll earth mage (D)
  A goliath frog (D)
  A skeletal warrior (D)
  2 sea snakes (D)
  A swamp dragon (D)
  An orc sorcerer (D)
  A harpy (D)
  A manticore (D)
  An orc knight (D)
  3 ugly things (D)
  A cyclops (D)
  A will-o-the-wisp (D)
  7 elephants (D)
  3 black mambas (D)
  A black mamba (shapeshifter) (D)
  A water nymph (D)
  3 cane toads (D)
  Psyche (D)
  2 efreet (D)
  A merfolk (D)
  A blink frog (D)
  A snapping turtle (D)
  4 wraiths (D)
  A yak (shapeshifter) (D)
  3 yaks (D)
  3 water moccasins (D)
  7 orc warriors (D)
  A wolf (D)
  An ogre (D)
  A kobold brigand (D)
  4 bullfrogs (D)
  15 orc priests (D)
  An iguana (D)
  8 orc wizards (D)
  5 orcs (D)
  A bat (D)
  A bat zombie (D)
  A hobgoblin (D)
  A jackal (D)
  A goblin (D)
  A quokka zombie (D)
  A rat (D)
121 creatures vanquished.

Vanquished Creatures (others)
  A tengu warrior (D)
  A manticore (D)
  A gargoyle (D)
  An unseen horror (D)
4 creatures vanquished.

Grand Total: 125 creatures vanquished

Notes
Turn   | Place    | Note
-------+----------+-------------------------------------------
     0 | D        | mhtbhm the Gargoyle Fighter began the quest for the Orb.
     0 | D        | Reached XP level 1. HP: 14/14 MP: 1/1
   117 | D        | Noticed an ogre
   117 | D        | Noticed an iguana
   117 | D        | Noticed an orc wizard
   134 | D        | Killed an orc wizard
   135 | D        | Reached skill level 5 in Shields
   135 | D        | Reached XP level 2. HP: 11/20 MP: 2/2
   135 | D        | Reached XP level 3. HP: 14/24 MP: 3/3
   260 | D        | Reached skill level 5 in Fighting
   260 | D        | Reached skill level 3 in Maces & Flails
   260 | D        | Reached skill level 5 in Armour
   260 | D        | Reached XP level 4. HP: 20/31 MP: 4/4
   262 | D        | Killed an ogre
   263 | D        | Reached skill level 4 in Maces & Flails
   263 | D        | Reached skill level 1 in Dodging
   263 | D        | Reached skill level 1 in Stealth
   263 | D        | Reached XP level 5. HP: 36/36 MP: 5/5
   281 | D        | Found a snail-covered altar of Cheibriados.
   281 | D        | Found a shadowy altar of Dithmenos.
   281 | D        | Found a white marble altar of Elyvilon.
   281 | D        | Found a blossoming altar of Fedhas.
   281 | D        | Found an opulent altar of Gozag.
   282 | D        | Found a hazy altar of Hepliaklqana.
   283 | D        | Found a viscous altar of Jiyva.
   284 | D        | Found an ancient bone altar of Kikubaaqudgha.
   285 | D        | Found a corrupted altar of Lugonu.
   286 | D        | Found a burning altar of Makhleb.
   287 | D        | Found a sparkling altar of Nemelex Xobeh.
   288 | D        | Found an iron altar of Okawaru.
   289 | D        | Became a worshipper of Gozag Ym Sagoz the Greedy
   290 | D        | Found a stormy altar of Qazlal.
   291 | D        | Found a sacrificial altar of Ru.
   292 | D        | Found a shimmering blue altar of Sif Muna.
   293 | D        | Found a bloodstained altar of Trog.
   294 | D        | Found a hide-covered altar of Uskayaw.
   295 | D        | Found a radiant altar of Vehumet.
   296 | D        | Found an ornate altar of the Wu Jian Council.
   297 | D        | Found a shimmering altar of Xom.
   298 | D        | Found a basalt altar of Yredelemnul.
   299 | D        | Found a glowing silver altar of Zin.
   300 | D        | Found a glowing golden altar of the Shining One.
   353 | D        | Noticed a yak
   353 | D        | Noticed a kobold brigand
   353 | D        | Noticed a yak
   365 | D        | Killed a yak
   366 | D        | Reached skill level 6 in Maces & Flails
   366 | D        | Reached XP level 6. HP: 42/44 MP: 6/6
   376 | D        | Reached skill level 7 in Maces & Flails
   383 | D        | Killed a yak
   384 | D        | Reached XP level 7. HP: 42/50 MP: 7/7
   390 | D        | Reached skill level 8 in Maces & Flails
   528 | D        | Noticed a manticore
   528 | D        | Noticed an efreet
   528 | D        | Noticed a manticore
   528 | D        | Noticed a gargoyle
   528 | D        | Noticed a tengu warrior
   535 | D        | Killed an unseen horror
   538 | D        | Killed a tengu warrior
   539 | D        | Reached skill level 10 in Maces & Flails
   539 | D        | Reached XP level 8. HP: 29/56 MP: 8/8
   539 | D        | Killed a gargoyle
   543 | D        | Killed a manticore
   547 | D        | Killed an efreet
   548 | D        | Reached skill level 11 in Maces & Flails
   548 | D        | Reached skill level 10 in Armour
   548 | D        | Killed a manticore
   880 | D        | Noticed Psyche
   891 | D        | Killed Psyche
   892 | D        | Reached skill level 10 in Fighting
   892 | D        | Reached skill level 12 in Maces & Flails
   892 | D        | Reached XP level 9. HP: 45/62 MP: 9/9
  1022 | D        | Noticed a black mamba
  1027 | D        | Noticed a cane toad
  1031 | D        | Noticed a black mamba
  1035 | D        | Reached skill level 10 in Shields
  1045 | D        | Noticed an elephant
  1048 | D        | Killed a black mamba
  1049 | D        | Reached skill level 13 in Maces & Flails
  1064 | D        | Killed a cane toad
  1065 | D        | Reached skill level 14 in Maces & Flails
  1079 | D        | Killed a black mamba
  1080 | D        | Reached skill level 1 in Evocations
  1088 | D        | Killed an elephant
  1089 | D        | Reached XP level 10. HP: 22/70 MP: 10/10
  1318 | D        | Noticed an eight-headed hydra
  1318 | D        | Noticed a cane toad
  1318 | D        | Noticed a cane toad
  1323 | D        | Killed a cane toad
  1324 | D        | Reached skill level 15 in Maces & Flails
  1326 | D        | Noticed a black mamba
  1334 | D        | Killed an eight-headed hydra
  1335 | D        | Killed a cane toad
  1583 | D        | Killed a black mamba
  1584 | D        | Reached skill level 16 in Maces & Flails
  1603 | D        | Noticed an elephant
  1603 | D        | Noticed an elephant
  1603 | D        | Noticed a dire elephant
  1603 | D        | Noticed a dire elephant
  1603 | D        | Noticed an elephant
  1603 | D        | Noticed an elephant
  1609 | D        | Noticed an elephant
  1630 | D        | Killed a dire elephant
  1639 | D        | Killed an elephant
  1640 | D        | Reached XP level 11. HP: 61/76 MP: 11/11
  1653 | D        | Killed a dire elephant
  1654 | D        | Reached skill level 5 in Stealth
  1663 | D        | Reached skill level 17 in Maces & Flails
  1912 | D        | Noticed Erica
  1934 | D        | Killed Erica
  2067 | D        | Noticed an ettin
  2088 | D        | Killed an ettin
  2324 | D        | Noticed an orc knight
  2335 | D        | Killed an orc knight
  2336 | D        | Reached skill level 18 in Maces & Flails
  2351 | D        | Reached skill level 15 in Fighting
  2371 | D        | Noticed an orc sorcerer
  2390 | D        | Killed an orc sorcerer
  2476 | D        | Found Arhon's Book Boutique.
  2476 | D        | Noticed an orc high priest
  2477 | D        | Noticed an orc high priest
  2485 | D        | Found Plog's Weapon Shop.
  2502 | D        | Found Ucaqa's Magic Scroll Boutique.
  2510 | D        | Killed an orc high priest
  2511 | D        | Noticed an orc high priest
  2516 | D        | Killed an orc high priest
  2517 | D        | Reached XP level 12. HP: 65/88 MP: 12/12
  2517 | D        | Found Remipnel's Weapon Shop.
  2522 | D        | Noticed an orc high priest
  2530 | D        | Killed an orc high priest
  2540 | D        | Killed an orc high priest
  2689 | D        | Bought a scroll of fear for 38 gold pieces
  2689 | D        | Bought a scroll of enchant weapon for 82 gold pieces
  2689 | D        | Bought a scroll of enchant armour for 82 gold pieces
  2689 | D        | Bought a scroll of identify for 22 gold pieces
  2689 | D        | Bought a scroll of enchant weapon for 82 gold pieces
  2689 | D        | Bought a scroll of immolation for 38 gold pieces
  2689 | D        | Bought a scroll of immolation for 38 gold pieces
  2742 | D        | Noticed Josephine
  2770 | D        | Killed Josephine
  2922 | D        | Noticed a boulder beetle
  2932 | D        | Reached skill level 19 in Maces & Flails
  2932 | D        | Noticed a red very ugly thing
  2941 | D        | Noticed an ice dragon
  2948 | D        | Killed a red very ugly thing
  2949 | D        | Noticed a great orb of eyes
  2952 | D        | Noticed a frost giant
  2963 | D        | Noticed a stone giant
  2968 | D        | Reached skill level 10 in Stealth
  2968 | D        | Noticed a deep troll earth mage
  3265 | D        | Killed an ice dragon
  3281 | D        | Killed a great orb of eyes
  3282 | D        | Reached skill level 15 in Armour
  3296 | D        | Killed a frost giant
  3303 | D        | Killed a stone giant
  3308 | D        | Killed a deep troll earth mage
  3319 | D        | Reached skill level 20 in Maces & Flails
  3319 | D        | Reached XP level 13. HP: 34/97 MP: 13/13
  3576 | D        | Noticed Snorg
  3590 | D        | Killed Snorg
  3591 | D        | Reached skill level 15 in Shields
  3593 | D        | Noticed Frances
  3623 | D        | Killed Frances
  3664 | D        | Noticed Nessos
  3685 | D        | Killed Nessos
  3937 | D        | Noticed a merfolk impaler
  3981 | D        | Killed a merfolk impaler
  4541 | D        | Bought a pair of dazzling boots for 313 gold pieces
  4541 | D        | Identified the +0 pair of boots "Sacedani" {Rampage *Slow
                  | rPois rCorr} (You bought it in a shop in the Dungeon)
  4541 | D        | Bought an embroidered cloak for 247 gold pieces
  4694 | D        | Splashed by a goliath frog's acid

Illustrated notes

Levels and vault maps discovered:
D:        linesprint [early_d, line_temple, items_1, d_10, items_2, lair_1,
          lair_end, items_3, orc_1, orc_end, items_4, d_15, swamp_1, shoals_1,
          snake_1, spider_1, d_20, vaults_1, items_5, swamp_end, shoals_end,
          snake_end, spider_end, vaults_end, d_27, items_6, zot_1, zot_end,
          crypt_end, forest_end, elf_end, slime_end, tomb_end, abyss_end,
          pan_hell_end]

Skill      XL: |  1  2  3  4  5  6  7  8  9 10 11 12 13 |
---------------+----------------------------------------+-----
Shields        | 5 6 7 8 9 10 11 13 14 16 | 16.3
Fighting       | 4 5 6 7 8 9 10 11 12 15 17 19 | 19.5
Armour         | 4 5 6 8 9 10 11 13 14 15 17 | 17.1
Maces & Flails | 3 4 6 7 10 12 14 16 18 20 | 20.9
Dodging        | 1 2 3 |  3.6
Stealth        | 1 2 3 4 7 10 | 10.8
Evocations     | 1 2 |  2.7

Action                   |  1- 3 |  4- 6 |  7- 9 | 10-12 | 13-15 || total
-------------------------+-------+-------+-------+-------+-------++-------
Melee: Flail             |    27 |     8 |       |       |       ||    35
       Morningstar       |       |    28 |    93 |   459 |   140 ||   720
Invok: Potion Petition   |       |       |       |     6 |     1 ||     7
       Call Merchant     |       |       |       |       |     1 ||     1
Evoke: Wand              |       |       |     1 |     2 |     3 ||     6
  Use: Potion            |     4 |     3 |     1 |     4 |     5 ||    17
       Scroll            |     1 |       |       |     2 |     1 ||     4
 Stab: Invisible         |       |       |     1 |     5 |       ||     6
       Distracted        |       |       |       |     5 |       ||     5
Armor: Scale mail        |    19 |     3 |       |       |       ||    22
       Plate armour      |       |    17 |    56 |   170 |   114 ||   357
Dodge: Dodged            |     9 |     6 |    19 |    79 |    36 ||   149
Block: Buckler           |     5 |     6 |    24 |    83 |    54 ||   172

Table legend: (Time is in decaauts)
 A = Elapsed time spent in this place.
 B = Non-inter-level travel time spent in this place.
 C = Inter-level travel time spent in this place.
 D = Time resting spent in this place.
 E = Time spent auto-exploring this place.
 F = Levels seen in this place.
 G = Mean time per level.
                   A        B        C        D        E       F      G
               +--------+--------+--------+--------+--------+-----+--------+
         Total |   4446 |   4446 |      0 |   2113 |    703 |   1 | 4446.0 |
       Dungeon |   4446 |   4446 |      0 |   2113 |    703 |   1 | 4446.0 |
               +--------+--------+--------+--------+--------+-----+--------+

Top non-repeatable levels by time:
       D: 4446 daAuts
